 Dungeon Crawl Stone Soup version 0.21-a0-394-gdc75ea7 (webtiles) character file.

66 grizmgrazm2 the Sneak (level 3, -1/24 HPs)
             Began as a Vampire Enchanter on Oct 18, 2017.
             Slain by Natasha (4 damage)
             ... on level 2 of the Dungeon.
             The game lasted 00:06:01 (3406 turns).

grizmgrazm2 the Sneak (Vampire Enchanter)           Turns: 3406, Time: 00:06:02

Health: -1/24      AC:  2    Str:  7    XL:     3   Next: 96%
Magic:  1/6        EV: 13    Int: 18    God:
Gold:   120        SH:  0    Dex: 14    Spells: 1/7 levels left

rFire    . . .     SeeInvis +   a - +1 dagger
rCold    + + .     Gourm    .   (no shield)
rNeg     + + +     Faith    .   b - +0 robe
rPois    ∞         Spirit   .   (no helmet)
rElec    .         Reflect  .   (no cloak)
rCorr    .         Harm     .   (no gloves)
MR       .....                  (no boots)
Stlth    +++++.....             (no amulet)
HPRegen  0.00/turn              (no ring)
MPRegen  0.10/turn              (no ring)

@: very slightly contaminated, bloodless, non-regenerating, slowed, very slow
A: fangs 3, see invisible, unbreathing
a: Bat Form


You were on level 2 of the Dungeon.
You were bloodless.

You visited 1 branch of the dungeon, and saw 2 of its levels.

You collected 120 gold pieces.

Inventory:

Hand Weapons
 a - a +1 dagger (weapon)
Armour
 b - a +0 robe (worn)
Scrolls
 d - 2 scrolls of blinking {unknown}
 e - a scroll of immolation {unknown}
 f - 2 scrolls of teleportation {unknown}
 h - 2 scrolls of identify {unknown}
 j - 2 scrolls of remove curse {unknown}
Potions
 g - 4 potions of blood
Books
 c - a book of Maledictions

   Spells                             Type                      Level
   a - Corona                         Hexes                        1
   b - Ensorcelled Hibernation        Hexes/Ice                    2
   c - Confuse                        Hexes                        3
   d - Tukima's Dance                 Hexes                        3
   e - Dazzling Spray                 Conjuration/Hexes            3


   Skills:
 + Level 0.2 Fighting
 + Level 1.4 Short Blades
 + Level 2.4 Dodging
 + Level 5.5 Stealth
 + Level 2.5 Spellcasting
 + Level 5.2 Hexes
 + Level 0.5 Ice Magic


You had one spell level left.
You knew the following spells:

 Your Spells              Type           Power        Failure   Level  Hunger
a - Ensorcelled Hibernat  Hex/Ice        ##....       8%          2    ##.....
b - Confuse               Hex            ###.....     6%          3    ###....
c - Corona                Hex            ###....      1%          1    #......


Dungeon Overview and Level Annotations

Branches:
Dungeon (2/15)

Altars:
Kikubaaqudgha

Annotations:
D:2 Natasha


Innate Abilities, Weirdness & Mutations

You do not heal naturally.
You are immune to poison.
You have razor-sharp teeth.
You have supernaturally acute eyesight. (SInv)
You can survive without breathing.


Message History

* * * LOW HITPOINT WARNING * * *
It was a potion of lignification.
You feel woody for a moment. Natasha barely misses you.
It was a potion of heal wounds.
You feel much better. Natasha claws you!
Natasha stares at you and mumbles some strange words.
The magic dart hits you! Natasha claws you.
* * * LOW HITPOINT WARNING * * *
Casting: Ensorcelled Hibernation
Confirm with . or Enter, or press ? or * to list all spells.
Aiming: Ensorcelled Hibernation
Press: ? - help, Shift-Dir - straight line, f/p - Natasha
Aim: Natasha (chance to defeat MR: 43%)
You miscast Ensorcelled Hibernation.
You are very lightly contaminated with residual magic.
You hear an indistinct dissonance whispering inside your mind.
Natasha stares at you and mumbles some strange words.
You feel yourself slow down. Natasha claws you.
You die...

#......#............^..
.##[................. ##
##.....#........... .
#####....###'###.......
..#####+#.>......# ♣.♣♣#.......
...........#.....##♣♣.♣#.......
.........####.....#♣.♣♣#...(...
#......## ##....#♣♣♣ #.......
#.####)### #.@...######.##....
#...###.h......#..# #.#..
###)..÷........#..# #.#..
##########.##........#...#..
#.......##.##...............
#.......##.............####.
#..........##.##....).......
#........#.##.##..########..
#...........#...w.##...# ##.


You could see Natasha.

Vanquished Creatures
  2 adders (D:2)
  3 worms
  2 dart slugs (D:2)
  3 giant cockroaches
  6 hobgoblins
  5 jackals
  2 bats
  2 goblins
  5 kobolds
  6 rats
36 creatures vanquished.

Notes
Turn   | Place    | Note
-------+----------+-------------------------------------------
     0 | D:1      | grizmgrazm2 the Vampire Enchanter began the quest for the Orb.
     0 | D:1      | Reached XP level 1. HP: 13/13 MP: 3/3
   543 | D:1      | Reached skill level 5 in Stealth
   543 | D:1      | Reached XP level 2. HP: 19/19 MP: 5/5
   547 | D:1      | Learned a level 2 spell: Ensorcelled Hibernation
   910 | D:1      | You fall through a shaft!
  2040 | D:2      | Reached XP level 3. HP: 13/24 MP: 1/6
  2589 | D:1      | Learned a level 3 spell: Confuse
  2801 | D:2      | Reached skill level 5 in Hexes
  3371 | D:2      | Found an ancient bone altar of Kikubaaqudgha.
  3371 | D:2      | Noticed Natasha
  3406 | D:2      | Slain by Natasha

Vault maps used:
D:1:      dpeg_arrival_water_fire
D:2:      nicolae_dithmenos_through_a_glass_darkly, kiku_gazebo_pond_becter,
          minmay_misc_feat_encased, kennysheep_generic_room_14, uniq_natasha

Skill      XL: |  1  2  3 |
---------------+----------+-----
Stealth        | 5 |  5.5
Hexes          | 5 |  5.2
Fighting       | |  0.2
Short Blades   | |  1.4
Dodging        | |  2.4
Spellcasting   | |  2.5
Ice Magic      | |  0.5

Action                   || total
-------------------------++-------
Melee: Dagger            ||    84
       Bite              ||     5
 Cast: Corona            ||    11
       Ensorcelled Hiber ||    34
  Use: Potion            ||     7
 Stab: Sleeping          ||    23
  Eat: Corpse            ||     1
Armor: Robe              ||    13
Dodge: Dodged            ||    60

Table legend:
 A = Spawn XP
 B = Non-spawn XP
 C = Spawn XP percentage of total XP
 D = Spawn monster count
 E = Non-spawn monster count
 F = Spawn count percentage of total count
 G = Total turns spent on level
                    A         B        C        D         E        F      G
               +---------+---------+-------+---------+---------+-------+---------
         Total |       0 |      95 |   0.0 |       0 |      36 |   0.0 |  3406
               +---------+---------+-------+---------+---------+-------+---------
           D:1 |       0 |      25 |   0.0 |       0 |      15 |   0.0 |  2440
           D:2 |       0 |      70 |   0.0 |       0 |      21 |   0.0 |   966
               +---------+---------+-------+---------+---------+-------+---------
